2993 views
Uploaded 2020-02-14 22:06:40
Game version 1.32 / 1.32.1
9:17 long 4on4 ladder game on (8)Deadlock_LV
Saved by Teelo
2993 views
Uploaded 2020-02-14 22:06:40
Game version 1.32 / 1.32.1
9:17 long 4on4 ladder game on (8)Deadlock_LV


/ 0.5k
29 buildings @ 4.9k
/ 1.3k

| Wisp | 12 | 720 | / | 0 |
| Archer | 18 | 2340 | / | 180 |
| total: | 30 | 3060g | / | 180w |
| Altar of Elders | 1 | 180 | / | 50 |
| Ancient of War | 2 | 300 | / | 120 |
| Moon Well | 4 | 720 | / | 160 |
| Ancient of Wonders | 1 | 90 | / | 30 |
| Hunter's Hall | 1 | 210 | / | 100 |
| Tree of Ages | 2 | 640 | / | 360 |
| total: | 9 | 1500g | / | 460w |
| 0:03 | Wisp |
| 0:03 | Wisp |
| 0:09 | Wisp |
| 0:09 | Wisp |
| 0:23 | Altar of Elders |
| 0:31 | Ancient of War |
| 0:40 | Moon Well |
| 0:49 | Wisp |
| 1:01 | Wisp |
| 1:27 | Wisp |
| 1:28 | Wisp |
| 1:30 | Ancient of War |
| 1:44 | Wisp |
| 1:48 | Archer |
| 1:54 | Wisp |
| 2:05 | Wisp |
| 2:22 | Moon Well |
| 2:37 | Archer |
| 2:42 | Wisp |
| 2:50 | Trueshot Aura |
| 3:00 | Moon Well |
| 3:15 | Archer |
| 3:27 | Archer |
| 3:38 | Archer |
| 3:51 | Archer |
| 4:02 | Archer |
| 4:03 | Archer |
| 4:19 | Archer |
| 4:39 | Archer |
| 4:42 | Archer |
| 5:06 | Searing Arrows |
| 5:18 | Archer |
| 5:37 | Archer |
| 5:44 | Trueshot Aura |
| 5:58 | Archer |
| 6:21 | Archer |
| 7:00 | Archer |
| 7:09 | Archer |
| 7:10 | Archer |
| 7:16 | Ancient of Wonders |
| 7:44 | Hunter's Hall |
| 8:07 | Tree of Ages |
| 8:56 | Moon Well |
| 8:57 | Reinforced Hides |
| 8:59 | Moon Armor |
| Right click | 313 |
| Select | 263 |
| Build/train/purchase | 43 |
| Use ability | 11 |
| Remove unit | 5 |
| Minimap ping | 2 |
| Item give/drop | 1 |


| Wisp | 9 | 540 | / | 0 |
| Archer | 8 | 1040 | / | 80 |
| Peon | 3 | 225 | / | 0 |
| Grunt | 5 | 1000 | / | 0 |
| total: | 25 | 2805g | / | 80w |
| Altar of Elders | 1 | 180 | / | 50 |
| Moon Well | 4 | 720 | / | 160 |
| Ancient of War | 1 | 150 | / | 60 |
| Tree of Ages | 1 | 320 | / | 180 |
| Altar of Storms | 1 | 180 | / | 50 |
| Orc Burrow | 3 | 480 | / | 120 |
| Barracks | 1 | 180 | / | 50 |
| total: | 11 | 1890g | / | 490w |
| 0:04 | Wisp |
| 0:04 | Wisp |
| 0:09 | Altar of Elders |
| 0:14 | Moon Well |
| 0:22 | Altar of Storms |
| 0:34 | Wisp |
| 0:34 | Wisp |
| 0:38 | Orc Burrow |
| 0:40 | Peon |
| 0:40 | Peon |
| 0:41 | Peon |
| 0:51 | Ancient of War |
| 0:59 | Barracks |
| 1:16 | Wisp |
| 1:17 | Wisp |
| 1:17 | Wisp |
| 1:41 | Moon Well |
| 1:42 | Wisp |
| 1:42 | Wisp |
| 1:48 | Orc Burrow |
| 1:57 | Archer |
| 1:57 | Archer |
| 2:06 | Grunt |
| 2:06 | Grunt |
| 2:07 | Grunt |
| 2:12 | Force of Nature |
| 2:36 | Serpent Ward |
| 2:50 | Orc Burrow |
| 2:56 | Archer |
| 2:57 | Archer |
| 2:59 | Moon Well |
| 3:45 | Grunt |
| 3:45 | Grunt |
| 3:48 | Archer |
| 3:48 | Archer |
| 5:39 | Archer |
| 5:39 | Archer |
| 5:41 | Tree of Ages |
| 6:02 | Moon Well |
| 7:12 | Healing Wave |
| 7:36 | Entangling Roots |
| 9:02 | Fan of Knives |
| Right click | 330 |
| Select | 157 |
| Build/train/purchase | 38 |
| Use ability | 28 |

| Acolyte | 3 | 225 | / | 0 |
| Ghoul | 4 | 480 | / | 0 |
| Crypt Fiend | 7 | 1505 | / | 280 |
| Grunt | 6 | 1200 | / | 0 |
| total: | 20 | 3410g | / | 280w |
| Spirit Tower | 2 | 290 | / | 80 |
| Nerubian Tower | 1 | 100 | / | 20 |
| Ziggurat | 5 | 750 | / | 250 |
| Altar of Darkness | 1 | 180 | / | 50 |
| Crypt | 1 | 200 | / | 50 |
| Graveyard | 1 | 215 | / | 0 |
| Halls of the Dead | 1 | 320 | / | 210 |
| War Mill | 1 | 205 | / | 0 |
| Stronghold | 1 | 315 | / | 190 |
| total: | 9 | 1550g | / | 350w |
| 0:11 | Ziggurat |
| 0:14 | Altar of Darkness |
| 0:17 | Acolyte |
| 0:18 | Acolyte |
| 0:29 | Crypt |
| 0:52 | Acolyte |
| 1:10 | Graveyard |
| 1:27 | Ziggurat |
| 1:35 | Ghoul |
| 1:47 | Ghoul |
| 2:01 | Ghoul |
| 2:12 | Ghoul |
| 2:23 | Death Coil |
| 2:38 | Crypt Fiend |
| 2:51 | Ziggurat |
| 3:24 | Crypt Fiend |
| 3:31 | Crypt Fiend |
| 3:56 | Crypt Fiend |
| 4:28 | Spirit Tower |
| 4:29 | Nerubian Tower |
| 4:44 | Spirit Tower |
| 4:47 | Creature Attack |
| 5:42 | Stronghold |
| 5:44 | Grunt |
| 5:44 | Grunt |
| 5:44 | Grunt |
| 5:48 | War Mill |
| 6:04 | Crypt Fiend |
| 6:06 | Creature Carapace |
| 7:31 | Crypt Fiend |
| 7:33 | Crypt Fiend |
| 7:36 | Ziggurat |
| 7:40 | Ziggurat |
| 7:53 | Halls of the Dead |
| 8:07 | Grunt |
| 8:07 | Grunt |
| 8:08 | Berserker Strength |
| 8:09 | Grunt |
| 8:12 | Steel Armor |
| 8:12 | Steel Melee Weapons |
| 8:39 | Unholy Aura |
| Right click | 272 |
| Select | 113 |
| Build/train/purchase | 34 |
| Use ability | 6 |
| Assign group | 1 |
| Remove unit | 1 |
| Peon | 2 | 150 | / | 0 |
| total: | 2 | 150g | / | 0w |
| 0:02 | Peon |
| 0:02 | Peon |
| Select | 3 |
| Right click | 2 |
| Build/train/purchase | 2 |
113 units @ 11k
/ 0.4k
46 buildings @ 7.7k
/ 2.3k

| Peon | 8 | 600 | / | 0 |
| Troll Headhunter | 14 | 1960 | / | 280 |
| total: | 22 | 2560g | / | 280w |
| Altar of Storms | 1 | 180 | / | 50 |
| Orc Burrow | 5 | 800 | / | 200 |
| War Mill | 1 | 205 | / | 0 |
| Barracks | 2 | 360 | / | 100 |
| Voodoo Lounge | 1 | 130 | / | 30 |
| Spirit Lodge | 1 | 150 | / | 150 |
| Stronghold | 1 | 315 | / | 190 |
| Fortress | 1 | 325 | / | 190 |
| total: | 11 | 1825g | / | 530w |
| 0:06 | Altar of Storms |
| 0:08 | Orc Burrow |
| 0:09 | Peon |
| 0:32 | War Mill |
| 0:38 | Peon |
| 0:53 | Peon |
| 1:04 | Peon |
| 1:20 | Barracks |
| 1:27 | Peon |
| 1:37 | Peon |
| 1:51 | Orc Burrow |
| 1:59 | Peon |
| 2:08 | Feral Spirit |
| 2:14 | Peon |
| 2:21 | Troll Headhunter |
| 2:33 | Voodoo Lounge |
| 2:47 | Troll Headhunter |
| 3:06 | Troll Headhunter |
| 3:30 | Troll Headhunter |
| 3:37 | Orc Burrow |
| 3:45 | Troll Headhunter |
| 4:14 | Troll Headhunter |
| 4:29 | Stronghold |
| 4:46 | Troll Headhunter |
| 5:17 | Troll Headhunter |
| 5:21 | Barracks |
| 5:30 | Chain Lighting |
| 5:48 | Steel Ranged Weapons |
| 5:51 | Troll Headhunter |
| 5:56 | Orc Burrow |
| 6:15 | Troll Headhunter |
| 6:48 | Troll Headhunter |
| 6:55 | Spirit Lodge |
| 7:20 | Chain Lighting |
| 7:42 | Steel Armor |
| 7:45 | Troll Regeneration |
| 7:46 | Troll Headhunter |
| 8:04 | Troll Headhunter |
| 8:15 | Orc Burrow |
| 8:17 | Shaman Adept Training |
| 9:03 | Feral Spirit |
| 9:10 | Troll Headhunter |
| 9:14 | Fortress |
| Right click | 191 |
| Select | 102 |
| Build/train/purchase | 38 |
| Select group | 7 |
| Assign group | 3 |
| Use ability | 3 |
xlkjasdxlfkj
(2)
(9:15) : 
| Circlet of Nobility | 1 | 175 |
| Boots of Speed | 1 | 250 |
| total: | 2 | 425g |
| Wisp | 43 | 2580 | / | 0 |
| total: | 43 | 2580g | / | 0w |
| Ancient Protector | 4 | 540 | / | 320 |
| Moon Well | 6 | 1080 | / | 240 |
| Altar of Elders | 1 | 180 | / | 50 |
| Hunter's Hall | 2 | 420 | / | 200 |
| total: | 13 | 2220g | / | 810w |
| 0:21 | Wisp |
| 0:22 | Wisp |
| 0:22 | Wisp |
| 0:23 | Wisp |
| 0:46 | Wisp |
| 0:59 | Moon Well |
| 1:04 | Wisp |
| 1:04 | Wisp |
| 1:22 | Wisp |
| 1:49 | Moon Well |
| 1:51 | Wisp |
| 1:51 | Wisp |
| 2:21 | Wisp |
| 2:35 | Wisp |
| 2:45 | Wisp |
| 3:02 | Wisp |
| 3:20 | Altar of Elders |
| 3:23 | Wisp |
| 3:38 | Wisp |
| 3:53 | Hunter's Hall |
| 3:57 | Wisp |
| 4:14 | Wisp |
| 5:10 | Wisp |
| 5:10 | Wisp |
| 5:11 | Wisp |
| 5:11 | Wisp |
| 5:11 | Wisp |
| 5:15 | Wisp |
| 5:15 | Wisp |
| 5:15 | Wisp |
| 5:20 | Searing Arrows |
| 6:16 | Wisp |
| 6:16 | Wisp |
| 6:17 | Wisp |
| 6:17 | Wisp |
| 6:17 | Wisp |
| 6:54 | Hunter's Hall |
| 6:59 | Wisp |
| 6:59 | Wisp |
| 6:59 | Wisp |
| 6:59 | Wisp |
| 7:00 | Wisp |
| 7:00 | Wisp |
| 7:00 | Wisp |
| 7:00 | Wisp |
| 7:08 | Moon Well |
| 7:24 | Moon Well |
| 7:32 | Moon Well |
| 7:56 | Ultravision |
| 7:58 | Wisp |
| 7:58 | Wisp |
| 8:01 | Ancient Protector |
| 8:02 | Ancient Protector |
| 8:04 | Trueshot Aura |
| 8:09 | Moon Well |
| 8:33 | Circlet of Nobility |
| 8:33 | Boots of Speed |
| 8:59 | Ancient Protector |
| 9:01 | Ancient Protector |
| 9:04 | Wisp |
| 9:04 | Wisp |
| Right click | 157 |
| Select | 145 |
| Build/train/purchase | 58 |
| Resource trade | 45 |
| Remove unit | 9 |
| Misc. action | 6 |
| Use ability | 2 |
| Esc | 2 |

| Acolyte | 3 | 225 | / | 0 |
| Ghoul | 16 | 1920 | / | 0 |
| Crypt Fiend | 3 | 645 | / | 120 |
| total: | 22 | 2790g | / | 120w |
| Altar of Darkness | 1 | 180 | / | 50 |
| Ziggurat | 6 | 900 | / | 300 |
| Crypt | 2 | 400 | / | 100 |
| Graveyard | 1 | 215 | / | 0 |
| Tomb of Relics | 1 | 130 | / | 30 |
| total: | 11 | 1825g | / | 480w |
| 0:05 | Acolyte |
| 0:05 | Acolyte |
| 0:10 | Altar of Darkness |
| 0:14 | Ziggurat |
| 0:35 | Crypt |
| 1:03 | Crypt |
| 1:41 | Ziggurat |
| 1:43 | Ghoul |
| 1:43 | Ghoul |
| 1:44 | Ghoul |
| 1:55 | Graveyard |
| 2:09 | Ghoul |
| 2:13 | Ghoul |
| 2:14 | Cannibalize |
| 2:36 | Unholy Aura |
| 2:45 | Ghoul |
| 2:46 | Ghoul |
| 2:46 | Ghoul |
| 2:58 | Ziggurat |
| 3:02 | Ziggurat |
| 3:06 | Ziggurat |
| 3:18 | Ghoul |
| 4:00 | Ghoul |
| 4:00 | Ghoul |
| 4:03 | Acolyte |
| 4:17 | Tomb of Relics |
| 5:09 | Crypt Fiend |
| 5:36 | Ghoul |
| 5:36 | Ghoul |
| 5:36 | Ghoul |
| 5:52 | Death Coil |
| 7:05 | Ziggurat |
| 7:07 | Ghoul |
| 7:07 | Ghoul |
| 7:26 | Unholy Strength |
| 7:26 | Unholy Armor |
| 8:42 | Unholy Aura |
| 8:46 | Crypt Fiend |
| 8:47 | Crypt Fiend |
| Right click | 203 |
| Select | 101 |
| Build/train/purchase | 31 |
| Misc. action | 28 |
| Select group | 13 |
| Chat | 4 |
| Use ability | 3 |
| Remove unit | 2 |
| Assign group | 1 |

| Rod of Necromancy | 1 | 150 |
| Sacrificial Skull | 1 | 50 |
| total: | 2 | 200g |
| Acolyte | 2 | 150 | / | 0 |
| Ghoul | 24 | 2880 | / | 0 |
| total: | 26 | 3030g | / | 0w |
| Nerubian Tower | 2 | 200 | / | 40 |
| Altar of Darkness | 1 | 180 | / | 50 |
| Crypt | 3 | 600 | / | 150 |
| Ziggurat | 5 | 750 | / | 250 |
| Tomb of Relics | 1 | 130 | / | 30 |
| Graveyard | 1 | 215 | / | 0 |
| total: | 11 | 1875g | / | 480w |
| 0:03 | Acolyte |
| 0:03 | Acolyte |
| 0:13 | Altar of Darkness |
| 0:22 | Crypt |
| 0:34 | Ziggurat |
| 0:54 | Crypt |
| 1:18 | Ziggurat |
| 1:27 | Ghoul |
| 1:32 | Tomb of Relics |
| 1:46 | Ziggurat |
| 1:51 | Ghoul |
| 1:58 | Cannibalize |
| 2:11 | Ghoul |
| 2:12 | Ghoul |
| 2:30 | Sleep |
| 2:36 | Ghoul |
| 2:37 | Ghoul |
| 2:41 | Rod of Necromancy |
| 2:42 | Sacrificial Skull |
| 2:48 | Ghoul |
| 3:02 | Ghoul |
| 3:20 | Ghoul |
| 3:23 | Ghoul |
| 3:23 | Ghoul |
| 3:45 | Ghoul |
| 4:00 | Ziggurat |
| 4:01 | Ghoul |
| 4:23 | Nerubian Tower |
| 4:34 | Ghoul |
| 4:52 | Ghoul |
| 5:09 | Ghoul |
| 5:09 | Ghoul |
| 5:35 | Vampiric Aura |
| 5:48 | Crypt |
| 5:49 | Ziggurat |
| 5:56 | Graveyard |
| 6:31 | Ghoul |
| 6:31 | Ghoul |
| 7:08 | Ghoul |
| 7:33 | Ghoul |
| 7:56 | Ghoul |
| 7:58 | Unholy Strength |
| 7:59 | Unholy Armor |
| 8:01 | Vampiric Aura |
| 8:21 | Ghoul |
| 8:28 | Ghoul |
| Right click | 192 |
| Select group | 127 |
| Select | 97 |
| Misc. action | 70 |
| Build/train/purchase | 52 |
| Assign group | 46 |
| Chat | 24 |
| Use ability | 10 |
| Remove unit | 1 |
| Minimap ping | 1 |
⇛